 Dungeon Crawl Stone Soup version 0.32-a0-136-gc02482bde3 (webtiles) character file.

Game seed: 12333334678094577285

5919 Pooter the Cleaver (level 10, -6/90 HPs)
             Began as a Minotaur Monk on Feb 9, 2024.
             Was a Believer of Okawaru.
             Mangled by an orc warrior
             ... wielding a +0 war axe
              (8 damage)
             ... on level 9 of the Dungeon on Feb 11, 2024.
             The game lasted 00:49:48 (10146 turns).

Pooter the Cleaver (Minotaur Monk)                 Turns: 10146, Time: 00:49:48

Health: -6/90      AC: 14    Str: 20    XL:     10   Next: 53%
Magic:  22/22      EV:  8    Int:  7    God:    Okawaru [**....]
Gold:   379        SH:  0    Dex: 13    Spells: 7/9 levels left

rFire   . . .        a - +0 broad axe
rCold   . . .        (no shield)
rNeg    . . .        F - +2 plate armour
rPois   .            (helmet restricted)
rElec   .            i - scarf {shadows}
rCorr   .            (no gloves)
SInv    .            (no boots)
Will    .....        (no amulet)
Stlth   x              - ring of magical power
HPRegen 0.35/turn    W - ring of wizardry
MPRegen 0.18/turn

%: wizardry (x1)
@: confused, heroic, ambrosia-drunk
A: horns 2, retaliatory headbutt
a: Renounce Religion, Heroism


You were on level 9 of the Dungeon.
You worshipped Okawaru.
Okawaru was pleased with you.
You visited 2 branches of the dungeon, and saw 10 of its levels.

You collected 601 gold pieces.
You spent 222 gold pieces at shops.

Inventory:

Hand Weapons
 a - a +0 broad axe (weapon)
   (You bought it in a shop on level 5 of the Dungeon)
 b - a +0 longbow
   (You bought it in a shop on level 7 of the Dungeon)
 g - a +0 sling
   (You took it off a goblin on level 3 of the Dungeon)
 y - a +5 halberd
   (You took it off a wight on level 9 of the Dungeon)
 C - a +4 trident
   (You took it off a wight on level 9 of the Dungeon)
 E - a +3 whip of electrocution
   (You took it off a kobold brigand on level 6 of the Dungeon)
Missiles
 n - 32 poisoned darts (quivered)
 s - 11 boomerangs
 u - 2 curare-tipped darts
 H - a throwing net {!f}
 Q - 63 stones
Armour
 i - a scarf of shadows (worn)
   (You found it on level 5 of the Dungeon)
 F - a +2 plate armour (worn)
   (You found it on level 5 of the Dungeon)
 K - an orb of light
Jewellery
 x - a ring of magical power (left hand)
   (You found it on level 3 of the Dungeon)
 W - a ring of wizardry (right hand)
   (You found it on level 1 of the Dungeon)
Wands
 d - a wand of iceblast (14)
   (You found it on level 5 of the Dungeon)
 f - a wand of flame (46)
   (You took it off a gnoll on level 8 of the Dungeon)
Scrolls
 h - a scroll of fog
 l - a scroll of vulnerability {!r}
 m - a scroll of poison {!r}
 o - a scroll of silence
 D - a scroll of blinking
 G - 3 scrolls of immolation {!r}
Potions
 e - a potion of might {unknown}
 j - 2 potions of cancellation {unknown}
 k - 3 potions of berserk rage {unknown}
 p - 3 potions of curing {unknown}
 q - 2 potions of lignification {unknown}
 r - 3 potions of mutation {unknown}
 v - a potion of haste {unknown}
 w - a potion of magic {unknown}
 z - 2 potions of degeneration {unknown}
 A - a potion of brilliance {unknown}
 B - 4 potions of heal wounds {unknown}
 J - a potion of attraction {unknown}


   Skills:
 + Level 8.8(13.8) Fighting
 * Level 12.1(17.1) Axes
 * Level 9.6(14.6) Ranged Weapons
 - Level 3.2(8.2) Dodging
 - Level 0.5 Translocations
 + Level 5.7 Invocations


You had 7 spell levels left.
You knew the following spells:

 Your Spells              Type           Power      Damage    Failure   Level
b - Blink                 Tloc           0%         N/A       99%         2

Your spell library contained the following spells:

 Spells                   Type           Power      Damage    Failure   Level
 Magic Dart               Conj           0%         1d3       99%         1
 Lesser Beckoning         Tloc           0%         N/A       99%         2
 Momentum Strike          Conj/Tloc      0%         3d8       99%         2
 Frozen Ramparts          Ice            0%         1d1       100%        3
 Ozocubu's Armour         Ice            0%         N/A       100%        3
 Cause Fear               Hex            0%         N/A       100%        4
 Leda's Liquefaction      Alch/Erth      0%         N/A       100%        4
 Petrify                  Alch/Erth      0%         N/A       100%        4
 Fireball                 Conj/Fire      0%         3d3       100%        5
 Metabolic Englaciation   Hex/Ice        0%         N/A       100%        5
 Call Imp                 Summ           Unusable   N/A       N/A         2
 Sculpt Simulacrum        Ice/Alch       Unusable   N/A       N/A         6
 Dragon's Call            Summ           Unusable   N/A       N/A         9

Dungeon Overview and Level Annotations

Branches:
Dungeon (9/15) Zot: 26545  Temple (1/1) D:4 Zot: 5926    Lair (0/5) D:8
    Orc: D:9-12

Altars:
Ashenzari
Cheibriados
Dithmenos
Elyvilon
Fedhas
Gozag
Hepliaklqana
Kikubaaqudgha
Makhleb
Nemelex Xobeh
Okawaru
Qazlal
Ru
Sif Muna
Trog
Uskayaw
Vehumet
Wu Jian
Xom
Yredelemnul
Zin
The Shining One

Shops:
D:5 :(   D:7 (


Innate Abilities, Weirdness & Mutations

You have a pair of horns on your head.
You reflexively headbutt those who attack you in melee.


Message History

The mass of ice explodes!
The iceblast engulfs the orc warrior!
You hear a shout! x5
As you read the scroll of teleportation {@r4}, it crumbles to dust.
You feel strangely unstable.
The orc warrior hits you from afar with a +0 trident.
* * * LOW HITPOINT WARNING * * *
The orc warrior attacks as it pursues you!
The orc warrior hits you from afar with a +0 trident!
* * * LOW HITPOINT WARNING * * *
Things that are here:
a +0 scimitar; a +0 plate armour; an orc corpse Unknown command.
Your surroundings suddenly seem different.
An ogre, a centaur and 19 orcs come into view.
Found 10 gold pieces and a scroll of vulnerability.
The orc shouts! x3; The orc priest shouts!
The ogre shouts!
The orc warrior shouts!
The orc shouts! x9; The centaur shouts!
You hear a shout! x3
An orc comes into view. It is wielding a +0 club. x2
An orc comes into view. It is wielding a +0 whip.
Unknown command.
Okay, then.
Okay, then.
Okay, then.
You are confused.
You feel invigorated.
The orc shouts!
An orc comes into view. It is wielding a +0 short sword.
The orc hits you but does no damage.
An orc comes into view. It is wielding a +0 dagger.
The orc hits you with a +0 falchion.
* * * LOW HITPOINT WARNING * * *
The orc priest calls down the wrath of Beogh upon you.
Beogh smites you!
* * * LOW HITPOINT WARNING * * *
You are too injured to fight recklessly!
You are too injured to fight recklessly!
Unknown command.
Unknown command.
Unknown command.
Unknown command.
You are too injured to fight recklessly!
You barely miss the orc. x2; You miss the orc warrior.
You completely miss the orc priest. You miss the orc.
The centaur wields a +0 orcbow.
The centaur shoots an arrow.
The arrow hits you!
* * * LOW HITPOINT WARNING * * *
An orc comes into view. It is wielding a +0 falchion.
The orc warrior hits you with a +0 war axe!
You die... ######### ....ooo.# .Oooc.@.# .ooooooo#

..oo..o.oo
.o...o..###
.o..o.oo#
..o.....#
...o....#


You could see 2 orc warriors, an ogre, a centaur, an orc priest and 22 orcs.

Vanquished Creatures
  Pikel (D:7)
  3 elephants (D:8)
  Eustachio (D:5)
  6 yaks
  Menkaure (D:5)
  2 water moccasins (D:8)
  3 ice beasts
  A sky beast (D:7)
  2 black bears (D:8)
  2 ogres
  3 orc warriors (D:9)
  A centaur (D:9)
  3 lemures (D:7)
  A phantom (D:4)
  A kobold brigand (D:6)
  5 bullfrogs
  2 gnoll sergeants (D:8)
  3 scorpions
  3 wights (D:9)
  2 howler monkeys (D:6)
  3 bombardier beetles
  2 gnoll boudas
  5 orc priests
  2 hounds (D:5)
  3 sleepcaps
  2 iguanas (D:6)
  3 orc wizards
  A mummy (D:4)
  24 gnolls
  8 adders
  2 shadow imps
  2 white imps
  2 ufetubi (D:6)
  2 dart slugs
  A ribbon worm (D:3)
  25 orcs
  6 bats
  9 endoplasms
  5 giant cockroaches (D:1)
  5 goblins
  9 hobgoblins
  4 jackals (D:4)
  10 kobolds
  A quokka (D:2)
  9 ball pythons
  6 frilled lizards
  3 hobgoblin zombies (D:4)
  An orc zombie (D:4)
  8 rats
209 creatures vanquished.

Notes
Turn   | Place    | Note
-------+----------+-------------------------------------------
     0 | D:1      | Pooter the Minotaur Monk began the quest for the Orb.
     0 | D:1      | Reached XP level 1. HP: 19/19 MP: 0/0
    76 | D:1      | Reached skill level 4 in Axes
   164 | D:1      | Reached XP level 2. HP: 27/27 MP: 1/1
   474 | D:1      | Reached XP level 3. HP: 30/33 MP: 2/2
   838 | D:2      | Reached skill level 5 in Axes
   975 | D:2      | Reached XP level 4. HP: 40/41 MP: 3/3
  1620 | D:3      | Reached skill level 6 in Axes
  1633 | D:3      | Reached skill level 5 in Fighting
  1633 | D:3      | Reached XP level 5. HP: 31/48 MP: 4/4
  1704 | D:3      | Reached skill level 1 in Ranged Weapons
  2061 | D:3      | Found an ornate altar of the Wu Jian Council.
  2077 | D:3      | Found a glowing silver altar of Zin.
  2209 | D:3      | Learned a level 2 spell: Blink
  2412 | D:4      | Found a staircase to the Ecumenical Temple.
  2434 | Temple   | Entered the Ecumenical Temple
  2478 | Temple   | Became a worshipper of Warmaster Okawaru
  2478 | Temple   | Reached * piety under Okawaru
  2478 | Temple   | Reached ** piety under Okawaru
  2516 | D:4      | Noticed a phantom
  2527 | D:4      | Killed a phantom
  2528 | D:4      | Reached XP level 6. HP: 54/56 MP: 5/5
  2638 | D:4      | You fall into a shaft and drop 3 floors!
  2693 | D:7      | Found Codes's Antique Weapon Boutique.
  2701 | D:7      | Bought a longbow for 162 gold pieces
  2709 | D:7      | Noticed a sky beast
  2815 | D:6      | Noticed an ice beast
  2834 | D:6      | Killed an ice beast
  2835 | D:6      | Reached skill level 7 in Axes
  2835 | D:6      | Reached skill level 1 in Invocations
  3070 | D:5      | Entered Level 5 of the Dungeon
  3237 | D:6      | Noticed an ice beast
  3251 | D:5      | Reached XP level 7. HP: 42/61 MP: 7/7
  4200 | D:5      | HP: 1/63 [ogre/+0 giant spiked club (32)]
  4509 | D:5      | Reached skill level 8 in Axes
  4740 | D:5      | Found Jyunae's Weapon Shop.
  4742 | D:5      | Noticed Eustachio
  4771 | D:5      | Killed Eustachio
  4772 | D:5      | Reached XP level 8. HP: 39/70 MP: 9/9
  4879 | D:5      | Bought a +0 broad axe for 60 gold pieces
  5032 | D:5      | Noticed Menkaure
  5041 | D:5      | Killed Menkaure
  5042 | D:5      | Reached skill level 5 in Ranged Weapons
  5981 | D:5      | Reached skill level 9 in Axes
  6201 | D:5      | Found Giuwiuc's Book Shop.
  7108 | D:7      | Reached XP level 9. HP: 63/79 MP: 10/10
  7120 | D:6      | Reached skill level 10 in Axes
  8311 | D:7      | Noticed Pikel
  8325 | D:7      | Killed Pikel
  8326 | D:7      | Reached skill level 11 in Axes
  8644 | D:8      | Noticed an elephant
  8656 | D:8      | Killed an elephant
  8657 | D:8      | Reached skill level 5 in Invocations
  8657 | D:8      | Reached XP level 10. HP: 72/88 MP: 12/12
  8719 | D:8      | Noticed an elephant
  8734 | D:8      | Killed an elephant
  9092 | D:8      | Reached *** piety under Okawaru
  9626 | D:8      | Found a staircase to the Lair.
  9626 | D:8      | Noticed an elephant
  9638 | D:8      | Killed an elephant
  9767 | D:9      | Upgraded the game from 0.32-a0-132-g2d33c3cfaf to
                  | 0.32-a0-136-gc02482bde3
  9782 | D:9      | Reached skill level 12 in Axes
 10146 | D:9      | HP: 2/90 [centaur/arrow (7)]
 10146 | D:9      | Mangled by an orc warrior

Illustrated notes

Levels and vault maps discovered:
D:1:      amcnicky_arrival_single_pillar, layout_basic
D:2:      layout_rooms
D:3:      layout_basic, mainiacjoe_overflow_swirl
D:4:      layout_cave_pods, minmay_temple_entry_junction_2, minmay_mini_ossuary
D:5:      layout_loops_cross, serial_shops, nicolae_shop_pleasant_corner_grove,
          nicolae_shop_waterfront, minmay_misc_feat_tower, uniq_eustachio,
          uniq_menkaure
D:6:      layout_gridville, nicolae_figureground_pulse
D:7:      layout_loops_ring, serial_shops, nicolae_shop_stone, uniq_pikel
D:8:      layout_basic, grunt_lair_entry_orc_guard_hut, dreamdust_wishing_well
D:9:      layout_roguey [special_room_orc], david_orc_5, serial_shops,
          nicolae_lakefront_shop, shop, uniq_harold
Temple:   nicolae_temple_bog_church

Skill      XL: |  1  2  3  4  5  6  7  8  9 10 |
---------------+-------------------------------+-----
Axes           | 4 5 6 7 8 9 11 12 | 12.1
Fighting       | 4 5 6 7 8 |  8.8
Ranged Weapons | 2 3 4 6 8 9 |  9.6
Invocations    | 1 2 3 5 |  5.7
Dodging        | |  3.2
Translocations | |  0.5

Action                     |  1- 3 |  4- 6 |  7- 9 | 10-12 || total
---------------------------+-------+-------+-------+-------++-------
  Melee: Hand axe          |    73 |   129 |    59 |       ||   261
         Headbutt          |    11 |    22 |    39 |    11 ||    83
         Punch             |       |     3 |    15 |     4 ||    22
         Broad axe         |       |       |   159 |    65 ||   224
   Fire: Sling             |       |    33 |       |       ||    33
         Longbow           |       |    11 |    60 |    28 ||    99
  Throw: Dart              |       |       |     2 |     4 ||     6
 Invoke: Heroism           |       |     5 |    18 |     8 ||    31
  Evoke: Wand              |       |       |       |     7 ||     7
    Use: Scroll            |     1 |     1 |    13 |     1 ||    16
         Potion            |       |       |       |     1 ||     1
 Armour: Robe              |     3 |       |       |       ||     3
         Ring mail         |     3 |       |       |       ||     3
         Scale mail        |    36 |    61 |       |       ||    97
         Chain mail        |       |    33 |    22 |       ||    55
         Plate armour      |       |       |   231 |    97 ||   328
  Dodge: Dodged            |    35 |    56 |    98 |    21 ||   210

Table legend: (Time is in decaauts)
 A = Elapsed time spent in this place.
 B = Non-inter-level travel time spent in this place.
 C = Inter-level travel time spent in this place.
 D = Time resting spent in this place.
 E = Time spent auto-exploring this place.
 F = Levels seen in this place.
 G = Mean time per level.
                   A        B        C        D        E       F      G
               +--------+--------+--------+--------+--------+-----+--------+
         Total |  10184 |   9881 |    303 |   3612 |   4022 |  10 | 1018.4 |
       Dungeon |  10111 |   9832 |    279 |   3612 |   4022 |   9 | 1123.4 |
        Temple |     73 |     49 |     24 |      0 |      0 |   1 |   73.0 |
               +--------+--------+--------+--------+--------+-----+--------+

Top non-repeatable levels by time:
     D:6: 2241 daAuts
     D:5: 1596 daAuts
     D:7: 1324 daAuts
     D:8: 1084 daAuts
     D:3: 1052 daAuts
     D:4: 1043 daAuts
     D:1: 809 daAuts
     D:2: 505 daAuts
     D:9: 454 daAuts
  Temple: 73 daAuts
